Mecha, neutral female human Wizard ------ |....+ |....| #.....| ###|....| # -|---- -------### ##### |====.|# # . |=*F@.|# ### . |==**@f# # # ## ------- ### ############# #### # ## # -.-|- # ### # |.>.| ### ###### -----------# |....##### -----|----|--- |.........|# |...| ### |............| # |..........# |...| ###--------- |.............########..........| --.-- ##-.......| |............| #|.........| # |.....<.| -------------- ----------- --------- Mecha the Evoker Experience level: 2 Strength: 12 Dexterity: 16 Constitution: 13 Intelligence: 18 Wisdom: 10 Charisma: 10 Health: 0(16) Energy: 12(12) Def: 5 Gold: 136 Moves: 1173 Dungeon seed: QCqearyTloBFRfOv Game ID: Mecha_1478420033 Your Inventory: Coins $ - 136 gold pieces Amulets q - an uncursed amulet versus poison (being worn) Weapons p - 8 +0 darts (in quiver) s - a blessed +2 orcish dagger (weapon in hand) Armor e - an uncursed +1 cloak of magic resistance (being worn) y - a blessed +2 orcish helm (being worn) Comestibles o - an uncursed tripe ration Scrolls i - an uncursed scroll of teleportation k - an uncursed scroll of create monster u - an uncursed scroll of identify Spellbooks l - a blessed spellbook of force bolt m - an uncursed spellbook of create monster Potions f - a potion of holy water g - an uncursed potion of sleeping Rings c - a blessed +2 ring of adornment (on left hand) d - an uncursed ring of teleport control (on right hand) r - an uncursed ring of levitation Wands b - a wand of striking (0:4) Gems n - 2 uncursed worthless pieces of orange glass Spells and supernatural/magical abilities: Name Level Category Fail Memory a - force bolt 1 attack 0% 95% O - create monster 2 clerical 74% 95% W - pray for help -- divine ? -- Your skills at the end: Fighting Skills Weapon Skills quarterstaff [Basic] Spellcasting Skills attack spells [Basic] enchantment spells [Basic] Final Attributes: You were fervently aligned. You were poison resistant. You were magic-protected. You were adorned. You had teleport control. You are dead. Vanquished creatures: 2 coyotes a gecko 2 jackals 2 foxes a kobold 2 goblins a sewer rat 2 grid bugs 3 lichens a kobold zombie 4 newts 21 creatures vanquished. Voluntary challenges: You used a wielded weapon 22 times, starting on turn 117. You read items or engraved 1 time, starting on turn 5. You never genocided any monsters. You never polymorphed an object. You never changed form. You used no wishes. You never split a pudding. You never wrote Elbereth's name. You never violated your personal moral code. Dungeon overview: The Dungeons of Doom: levels 1 to 3 Level 1 a long staircase Level 2 an altar to Anhur, a fountain Level 3 <- You were here a jewelry store History has recorded: On T:1 you entered the Dungeons of Doom to retrieve the Amulet of Yendor! On T:482 you reached level 2 of The Dungeons of Doom. On T:653 you advanced to experience level 2. On T:995 you reached level 3 of The Dungeons of Doom. Score breakdown: Gold: 136 ( 7268 points) Experience: 2 levels ( 5570 points) Exploration: 3 levels ( 6.25%) ( 6188 points) Discoveries: 2 items ( 0.70%) ( 2504 points) Valuables value: (no points given unless you survive) Artifact value: 0 ( 0 points) Variety of kills: 11 monsters ( 2.89%) ( 5097 points) Turncount: 1173 turns ( 0 points) Survival: died (score multiplied by 80%) Total score: 21301 Latest messages: As you kick the door, it crashes open! You stop running. The dart misses the fox. The dart misses the fox. You miss the fox. The fox misses. You kill the fox! p - an uncursed dart (in quiver). (2x) The door opens. You stop searching. You kill the jackal! The door resists! The door opens. (2x) "Hello, Mecha! Welcome to Moy's jewelers!" Pick an object. Never mind. You see here a circular amulet (266 zorkmids). You hit the brown mold. You are suddenly very cold! You miss the brown mold. You are suddenly very cold! You die... Moy gratefully inherits all your possessions. Final status: Goodbye Mecha the Wizard, killed by a brown mold... You died in The Dungeons of Doom on dungeon level 3 with 21301 points, and 136 pieces of gold, after 1173 moves. You were level 2 with a maximum of 16 hit points when you died.